 Dungeon Crawl Stone Soup version 0.17-a0-1748-g222fba8 (webtiles) character file.

50 kae the Firebug (level 3, -1/19 HPs)
             Began as a Tengu Fire Elementalist on Sept 1, 2015.
             Slain by a quokka (3 damage)
             ... on level 2 of the Dungeon.
             The game lasted 00:02:22 (1500 turns).

kae the Firebug (Tengu Fire Elementalist)           Turns: 1500, Time: 00:02:22

Health: -1/19      AC:  2    Str:  8    XL:     3   Next: 79%
Magic:  0/7        EV: 12    Int: 16    God:
Gold:   148        SH:  0    Dex: 14    Spells: 3 memorised, 0 levels left

rFire  . . .     SeeInvis .     (no weapon)
rCold  . . .     Clarity  .     a - +0 robe
rNeg   . . .     SustAt   .     (no shield)
rPois  .         Gourm    .     (helmet restricted)
rElec  .         Spirit   .     (no cloak)
rCorr  .         Warding  .     (no gloves)
rMut   .         Stasis   .     (boots unavailable)
MR     .....                    (no amulet)
Stlth  ++........               (no ring)
                                (no ring)

@: lethally poisoned (-1 -> -13), very slightly contaminated, not resistant to
hostile enchantments, unstealthy
A: beak, talons 3
a: no special abilities


You were on level 2 of the Dungeon.
You were very hungry.

You visited 1 branch of the dungeon, and saw 2 of its levels.

You collected 148 gold pieces.

Inventory:

Armour
 a - a +0 robe (worn)
Scrolls
 d - 2 scrolls of identify {unknown}
 e - 2 scrolls of fear {unknown}
 f - 2 scrolls of magic mapping {unknown}
 h - a scroll of fog {unknown}
 l - a scroll of noise {unknown}
 n - a scroll of recharging {unknown}
Potions
 p - a potion of poison
Books
 b - a book of Flames

   Spells                             Type                      Level
   a - Flame Tongue                   Conjuration/Fire             1
   b - Throw Flame                    Conjuration/Fire             2
   c - Conjure Flame                  Conjuration/Fire             3
   d - Inner Flame                    Hexes/Fire                   3
   e - Sticky Flame                   Conjuration/Fire             4
   f - Fireball                       Conjuration/Fire             5
Comestibles
 c - 2 bread rations
 g - a slice of pizza
 i - 2 meat rations
 j - a beef jerky
 k - 4 fruits
 o - a chunk of flesh


   Skills:
 - Level 2.1 Dodging
 - Level 2.0 Stealth
 - Level 2.0 Spellcasting
 + Level 2.0 Conjurations
 + Level 4.9 Fire Magic


You couldn't memorise any spells.
You knew the following spells:

 Your Spells              Type           Power        Failure   Level  Hunger
a - Flame Tongue          Conj/Fire      ##...        8%          1    #......
b - Throw Flame           Conj/Fire      ##....       10%         2    ###....
c - Conjure Flame         Conj/Fire      ##......     17%         3    ###....


Dungeon Overview and Level Annotations

Branches:
Dungeon (2/15)

Altars:


Innate Abilities, Weirdness & Mutations

You have a beak for a mouth.
You have claws for feet.


Message History

Aiming: Flame Tongue
Press: ? - help, Shift-Dir - straight line, f/p - quokka
Aim: a quokka The flame tongue hits the quokka.
The quokka is moderately wounded.
The quokka barely misses you.
Drink which item? (? for menu, Esc to quit)
You feel better. The quokka bites you.
* * * LOW HITPOINT WARNING * * *
Drink which item? (? for menu, Esc to quit)
It was a potion of poison.
That liquid tasted very nasty...
You are lethally poisoned!
* * * LOW HITPOINT WARNING * * *
You feel sick. The quokka barely misses you.
You completely miss the quokka.
The quokka is lightly wounded.
* * * LOW HITPOINT WARNING * * *
You feel sick. The quokka bites you.
You die...

#.............##.#..........##
#.###†#.÷.#...##.#.#.###+#..## #
#.........................
#..#.........###.#......##
#..#.>#...#### #.#......## . #
#..#..#...# #.##....... ..#.
......#...# #..........
......##.#......#########.......
......##.#....r@........#.##.###
.......†........#######.#.##(#
......##.##...#..# #.#.##.###
..... ##.##...#..# #.#.##....
.... +..........######.#.##....
... ##.##...##..........#.....
.. #.##...##..#####.#.#..### .
#.##...##...####.#.#..#
#.....................#


You could see a quokka.

Vanquished Creatures
  An adder (D:2)
  2 giant geckos (D:1)
  4 giant cockroaches
  3 goblins (D:1)
  4 hobgoblins
  A ball python (D:2)
  7 bats
  2 giant newts
  8 kobolds
  7 rats
39 creatures vanquished.

Notes
Turn   | Place    | Note
--------------------------------------------------------------
     0 | D:1      | kae the Tengu Fire Elementalist began the quest for the Orb.
     0 | D:1      | Reached XP level 1. HP: 10/10 MP: 4/4
   176 | D:1      | Reached XP level 2. HP: 7/15 MP: 4/6
   302 | D:1      | Reached skill level 4 in Fire Magic
  1023 | D:1      | Reached XP level 3. HP: 16/19 MP: 5/7
  1027 | D:1      | Learned a level 2 spell: Throw Flame
  1031 | D:1      | Learned a level 3 spell: Conjure Flame
  1500 | D:2      | Slain by a quokka

Vault maps used:
D:1:      minmay_arrival_plants_in_alcoves
D:2:      nicolae_qazlal_eye_of_the_storm, lemuel_round_altar, first_bread

Action                   || total
-------------------------++-------
Melee: Unarmed           ||    29
 Cast: Flame Tongue      ||    69
  Use: Potion            ||     3
  Eat: Chunk             ||     2
